Map: [ESL] Hecate

Players

Spirit

  • Race: Terran Terran
  • Spawn Location: 7:00

HeroMarine - Winner!

  • Race: Terran Terran
  • Spawn Location: 1:00

Event: IEM Katowice 2024

VOD

Have the link to the VOD?

Description

Time

  • Played on: Feb. 8, 2024, 6:49 a.m.
  • Length: 11:56

All games in this series

Show
View Real Time Build Order
Export as new Build Order

Spirit Terran 

Build Orders: Cyclone Opening, Gas First Reaper Expand 

Get SALT Encoding   

  12  0:00  SCV  
  13  0:12  SCV  
  14  0:17  Supply Depot  
  14  0:24  SCV  
  14  0:27  Refinery  
  15  0:38  SCV  
  16  0:44  Barracks  
  16  0:50  SCV  
  17  1:02  SCV  
  18  1:14  SCV  
  19  1:31  Orbital Command, Reaper  
  20  1:44  Command Center  
  20  1:51  Factory  
  20  1:56  SCV  
  21  2:02  Supply Depot  
  21  2:05  Reaper  
  22  2:11  Refinery  
  22  2:13  SCV  
  23  2:25  SCV  
  24  2:35  Hellion  
  26  2:37  SCV  
  26  2:38  Barracks Reactor  
  27  2:49  SCV  
  28  2:56  Cyclone  
  29  3:01  SCV  
  30  3:07  Starport  
  30  3:08  Orbital Command  
  30  3:09  Refinery  
  30  3:13  SCV  
  30  3:14  Marine x2  
  33  3:25  SCV  
  34  3:28  Factory Tech Lab  
  34  3:34  SCV  
  34  3:38  SCV  
  36  3:43  Command Center  
  36  3:44  Starport Tech Lab  
  36  3:48  SCV  
  37  3:54  Siege Tank  
  37  3:55  SCV  
  41  4:00  Supply Depot  
  41  4:01  SCV  
  42  4:06  Raven  
  42  4:07  Interference Matrix  
  44  4:10  SCV  
  44  4:13  SCV  
  44  4:17  Marine x2  
  44  4:26  Siege Tank  
  44  4:28  SCV  
  44  4:30  SCV  
  45  4:35  Marine  
  46  4:40  SCV  
  46  4:43  SCV  
  45  4:47  Marine  
  46  4:54  SCV  
  46  4:55  Raven, SCV  
  46  4:57  Orbital Command  
  50  5:07  SCV x2  
  50  5:11  Factory Reactor  
  50  5:12  Barracks  
  51  5:19  Stimpack, Marine, SCV  
  52  5:24  SCV  
  52  5:25  SCV  
  54  5:29  Raven  
  54  5:31  SCV  
  57  5:36  Barracks  
  57  5:37  SCV x2  
  57  5:40  Marine  
  60  5:43  SCV  
  61  5:57  Engineering Bay  
  61  5:58  Engineering Bay, Refinery  
  61  6:01  Supply Depot, SCV x3  
  61  6:02  Supply Depot  
  64  6:06  Marauder, Marine  
  67  6:13  Starport Reactor, SCV  
  68  6:19  SCV  
  68  6:22  Siege Tank, Marine  
  68  6:23  Marine  
  74  6:26  Terran Infantry Weapons Level 1, Terran Infantry Armor Level 1  
  74  6:31  Marine x2  
  74  6:32  Marine  
  77  6:34  Supply Depot  
  77  6:37  SCV  
  78  6:40  Marine  
  78  6:42  Marine  
  80  6:49  Marine  
  80  6:51  Marine  
  80  6:52  Marine  
  81  6:55  Medivac x2  
  81  6:56  Siege Tank  
  81  6:57  Marine  
  81  6:59  Combat Shield, Marine  
  90  7:06  Orbital Command  
  90  7:07  Marine  
  90  7:09  Marine  
  90  7:10  Marine  
  90  7:15  Marine, SCV  
  91  7:17  Marine  
  93  7:25  Marine  
  93  7:26  Marine, Supply Depot  
  93  7:27  Supply Depot  
  93  7:28  Siege Tank, Marine  
  98  7:31  Liberator  
  101  7:47  Liberator, Marine x5  
  101  7:48  Barracks  
  101  7:49  Armory, SCV  
  101  7:50  Barracks, SCV  
  111  7:52  SCV  
  112  8:01  SCV  
  112  8:04  SCV  
  112  8:05  Marine x4  
  107  8:09  Marine  
  107  8:10  SCV  
  113  8:14  SCV  
  113  8:16  SCV  
  115  8:22  SCV  
  115  8:23  Marine x3  
  115  8:24  Marine  
  117  8:29  Marine  
  117  8:35  SCV  
  117  8:40  SCV  
  117  8:41  Marine  
  117  8:49  Marine x2  
  117  8:50  SCV  
  117  8:54  Armory, Supply Depot  
  117  8:55  Supply Depot  
  117  9:00  Barracks Reactor x2  
  117  9:05  Marine  
  117  9:07  Marine, Refinery  
  117  9:10  SCV  
  117  9:16  Viking, SCV, Marine  
  117  9:17  Viking, Siege Tank, SCV  
  123  9:21  Marine  
  123  9:22  SCV  
  123  9:25  Marine x3  
  123  9:28  SCV  
  123  9:29  SCV  
  125  9:43  Supply Depot  
  125  9:44  SCV x3, Marine x5  
  133  9:50  Refinery  
  133  9:51  Refinery  
  133  9:57  Sensor Tower  
  133  10:03  Marine  
  133  10:04  Marine x4  
  133  10:05  Marine, SCV x2  
  133  10:07  Marine  
  133  10:09  Marine  
  133  10:13  Marine  
  115  10:21  SCV, Marine  
  112  10:22  SCV, Marine  
  112  10:23  Marine  
  112  10:25  Marine  
  112  10:27  SCV  
  119  10:31  Marine  
  119  10:33  SCV, Medivac  
  119  10:34  SCV  
  121  10:43  Missile Turret x2, SCV  
  121  10:45  SCV  
  123  10:50  Siege Tank  
  123  10:51  Marine  
  114  10:57  Marine x2  
  114  10:59  Marine  
  114  11:00  Marine x5  
  98  11:08  Marine  
  93  11:15  Marine x2  
  93  11:17  Marine  
  93  11:18  Marine x5  
  78  11:26  Marine  
  52  11:33  Marine x2  
  50  11:35  Marine  
  50  11:36  Marine x5  
Show
View Real Time Build Order
Export as new Build Order

HeroMarine Terran - Winner!

Build Orders: Cyclone Opening 

Get SALT Encoding   

  12  0:00  SCV  
  13  0:12  SCV  
  14  0:17  Supply Depot  
  14  0:24  SCV  
  15  0:38  SCV  
  15  0:39  Barracks  
  15  0:42  Refinery  
  16  0:50  SCV  
  16  0:52  Refinery  
  17  1:02  SCV  
  18  1:15  SCV  
  20  1:25  Reaper  
  20  1:27  Orbital Command  
  20  1:30  Supply Depot  
  20  1:40  Factory  
  20  1:52  SCV  
  21  1:57  Reaper  
  22  2:04  SCV  
  23  2:15  Command Center  
  23  2:19  SCV  
  24  2:26  Cyclone  
  26  2:31  SCV  
  27  2:38  Starport  
  27  2:46  SCV  
  27  2:47  Supply Depot  
  27  2:50  Barracks Reactor  
  28  2:58  Cyclone  
  28  2:59  SCV  
  29  3:11  SCV  
  30  3:15  Medivac  
  32  3:23  SCV, Refinery  
  33  3:28  Orbital Command  
  33  3:35  SCV  
  33  3:38  Cyclone x2  
  38  3:45  Starport Tech Lab  
  38  3:47  SCV  
  39  3:53  SCV  
  40  3:59  SCV  
  41  4:05  Raven  
  41  4:08  SCV, Supply Depot  
  44  4:10  Cyclone  
  44  4:11  Cyclone  
  44  4:12  SCV  
  49  4:21  SCV  
  50  4:25  SCV  
  51  4:33  Supply Depot, SCV  
  51  4:37  SCV  
  53  4:41  Raven  
  53  4:43  Cyclone x2  
  53  4:45  SCV  
  58  4:49  Interference Matrix, SCV  
  59  4:53  Command Center  
  59  4:57  SCV  
  59  4:58  Supply Depot  
  60  5:01  SCV  
  61  5:09  SCV  
  61  5:13  SCV  
  63  5:15  Cyclone x2  
  61  5:21  SCV  
  61  5:23  Raven  
  61  5:25  SCV  
  61  5:26  Barracks Tech Lab  
  65  5:33  SCV  
  65  5:35  Barracks  
  66  5:36  Barracks  
  66  5:41  SCV  
  67  5:45  SCV  
  67  5:48  Stimpack  
  71  5:53  SCV  
  69  5:57  SCV  
  69  6:03  Engineering Bay x2  
  69  6:04  Refinery  
  66  6:05  SCV  
  66  6:06  Orbital Command  
  66  6:08  Starport Reactor  
  66  6:09  SCV  
  68  6:17  SCV  
  69  6:19  Siege Tank  
  69  6:22  SCV  
  69  6:24  Barracks  
  73  6:27  Orbital Command, Barracks Reactor, Barracks  
  73  6:28  Supply Depot, Marine  
  73  6:30  SCV  
  75  6:34  SCV  
  75  6:38  Terran Infantry Weapons Level 1, Terran Infantry Armor Level 1, Marine x2  
  78  6:42  SCV  
  78  6:46  Marine, SCV  
  81  6:54  SCV  
  79  6:56  Marine x2  
  79  6:58  SCV x2  
  83  7:04  Marine  
  83  7:05  Siege Tank, Medivac x2  
  83  7:06  SCV  
  88  7:10  SCV x2  
  88  7:12  Marine x2  
  88  7:14  Barracks Reactor, Marine x2  
  90  7:18  SCV  
  90  7:19  Marine  
  90  7:21  Supply Depot  
  90  7:22  SCV x2, Marine  
  95  7:23  Supply Depot  
  95  7:29  Supply Depot  
  95  7:30  SCV, Marine x2  
  95  7:32  Marine x2, Refinery x2  
  95  7:34  Combat Shield, SCV  
  101  7:37  Barracks Reactor  
  101  7:38  Supply Depot  
  101  7:42  Marine  
  101  7:43  Siege Tank, SCV x2  
  107  7:45  Missile Turret  
  107  7:46  SCV  
  107  7:48  Marine x2  
  107  7:49  Armory, Marine  
  107  7:50  Marine  
  112  7:51  Marine x2  
  112  7:53  Supply Depot  
  112  7:54  Medivac  
  112  7:55  SCV  
  112  7:57  Medivac  
  118  8:00  Marine  
  117  8:06  Marine x2  
  117  8:07  Marine x2, SCV x2  
  117  8:08  SCV  
  117  8:09  Marine x2  
  126  8:16  Sensor Tower  
  126  8:18  Siege Tank, Marine  
  126  8:19  SCV  
  131  8:23  Marine x2  
  131  8:24  Marine x2  
  131  8:25  Marine x2  
  131  8:27  Marine x2  
  122  8:36  Marine  
  104  8:41  Marine x2  
  104  8:42  Marine x2  
  104  8:43  Marine x2  
  104  8:44  Marine  
  104  8:45  Marine  
  96  8:49  Medivac x2  
  96  8:50  Siege Tank  
  96  8:54  Marine  
  104  8:59  Marine x4  
  104  9:01  Marine x2  
  104  9:02  Marine x2  
  109  9:11  Marine  
  102  9:17  Marine x4  
  102  9:18  Marine  
  102  9:19  Marine  
  102  9:20  Marine x2  
  102  9:23  Siege Tank  
  111  9:29  Marine  
  103  9:33  Terran Infantry Weapons Level 2  
  103  9:35  Marine x4  
  103  9:36  Marine x2  
  103  9:38  Marine x2  
  109  9:39  Terran Infantry Armor Level 2  
  109  9:45  Medivac  
  111  9:46  SCV x2  
  111  9:47  Marine  
  111  9:51  Medivac  
  115  9:52  Marine  
  115  9:53  Marine x3  
  115  9:54  Marine x2  
  115  9:56  Marine x2  
  123  10:05  Marine  
  122  10:10  Marine x2  
  122  10:11  Marine x2  
  122  10:12  Marine x2  
  122  10:14  Marine x2  
  119  10:17  Siege Tank  
  117  10:23  Marine  
  117  10:25  Viking x2  
  117  10:28  Marine x3  
  120  10:29  Marine  
  120  10:30  Marine x2  
  126  10:37  Orbital Command, Marine x2  
  126  10:40  Marine  
  129  10:46  Marine x3  
  132  10:50  Marine  
  132  10:51  Marine  
  132  10:54  Marine  
  132  10:55  Marine  
  121  10:57  Marine  
  121  11:00  Marine  
  121  11:04  Marine  
  107  11:06  Marine x2  
  107  11:08  Marine  
  111  11:14  Viking  
  105  11:20  Siege Tank  
  108  11:28  Marine  
  108  11:29  Marine  
  102  11:33  Marine x4  
  102  11:34  Marine  

Tags
 
Add a new tag
Caveats
  • Supply blocks, unpowered buildings, or Contaminate may cause inaccurate times.
  • Supply counts are checked every 10 seconds.